 Dungeon Crawl Stone Soup version 0.24.1-11-gbbbb2193e6 (webtiles) character file.

Game seed: 6298323232588470653, levelgen mode: deterministic

21 Hugehornet the Insei (level 2, -3/18 HPs)
             Began as an Octopode Transmuter on May 12, 2020.
             Slain by an adder (4 damage)
             ... on level 2 of the Dungeon.
             The game lasted 00:00:57 (1205 turns).

Hugehornet the Insei (Octopode Transmuter)          Turns: 1205, Time: 00:00:57

Health: -3/18      AC:  1    Str:  9    XL:     2   Next: 83%
Magic:  4/5        EV: 13    Int: 15    God:
Gold:   65         SH:  0    Dex: 12    Spells: 2/5 levels left

rFire    . . .     SeeInvis .     - Unarmed
rCold    . . .     Gourm    .   (no shield)
rNeg     . . .     Faith    .   (helmet restricted)
rPois    .         Spirit   .   (no amulet)
rElec    .         Reflect  .   (no ring)
rCorr    .         Harm     .   (no ring)
MR       .....                  (no ring)
Stlth    ++........             (no ring)
HPRegen  0.06/turn              (no ring)
MPRegen  0.09/turn              (no ring)
                                (no ring)
                                (no ring)

@: lethally poisoned (-3 -> -14), appendage
A: almost no armour, stealthy swim, amphibious, 8 rings, constrict 8, tentacle
spike 3, camouflage 1, gelatinous body 1
a: End Transformation


You were on level 2 of the Dungeon.
You were not hungry.
One of your tentacles had a temporary spike.
You visited 1 branch of the dungeon, and saw 2 of its levels.

You collected 65 gold pieces.

Inventory:

Missiles
 a - 12 arrows
Armour
 b - a +0 shield
Scrolls
 d - a scroll of blinking {unknown}
 e - a scroll of random uselessness {unknown}
 h - a scroll of fear {unknown}
Potions
 f - a potion of lignification {unknown}
 g - a potion of brilliance {unknown}
Comestibles
 c - 6 rations


   Skills:
 - Level 1.0 Fighting
 - Level 2.0 Dodging
 - Level 3.0 Unarmed Combat
 + Level 2.3 Spellcasting
 * Level 2.9 Transmutations


You had 2 spell levels left.
You knew the following spells:

 Your Spells              Type           Power        Failure   Level  Hunger
a - Beastly Appendage     Tmut           ##....       6%          1    #......
b - Sticks to Snakes      Tmut           ##......     10%         2    ###....

Your spell library contained the following spells:

 Spells                   Type           Power        Failure   Level  Hunger
 Spider Form              Tmut/Pois      #.........   34%         3    ###....
 Ice Form                 Ice/Tmut       #.......     75%         4    #####..
 Blade Hands              Tmut           ##........   87%         5    ######.


Dungeon Overview and Level Annotations

Branches:
Dungeon (2/15)

Altars:

Annotations:
D:2 1 runed translucent door, Crazy Yiuf


Innate Abilities, Weirdness & Mutations

You cannot wear most types of armour.
You are very stealthy in the water. (Stealth+)
You are amphibious.
You can wear up to eight rings at the same time.
You can use your tentacles to constrict eight enemies at once.
Your skin changes colour to match your surroundings (Stealth+).
Your rubbery body absorbs attacks. (AC +1, EV +1)
One of your tentacles bears a large vicious spike.


Message History

You are lethally poisoned!
The adder poisons you!
You are too injured to fight recklessly!
You are too injured to fight recklessly!
The adder misses you.
You feel sick.
* * * LOW HITPOINT WARNING * * *
You feel sick.
Your tentacle spike disappears.
* * * LOW HITPOINT WARNING * * *
You feel sick. The adder bites you.
* * * LOW HITPOINT WARNING * * *
You are more poisoned.
The adder poisons you!
Casting: Beastly Appendage (safe; 6% risk of failure)
Confirm with . or Enter, or press ? or * to list all spells.
One of your tentacles grows a vicious spike.
* * * LOW HITPOINT WARNING * * *
You feel sick. The adder bites you.
You die...

#. .## ### #.###.. ....
#.....### #.... (.#....
#....###w#..#
#........#..# #.
.#.........#...#
#.#####.........#
#...@Sg...#.##### ##
#.# ########..#.#...#
#. #.# ........# #...#
#. #.###
########.#.###.# .
#.#.# #..........#...#
# #.#.#
#.######...##..# ##
#.#.####.#####....##..#
#.
#.................##..#
##.
#........#........##..#
#.#


You could see an adder and a hobgoblin.

Vanquished Creatures
  A dart slug (D:2)
  2 bats (D:1)
  A goblin (D:1)
  A hobgoblin (D:1)
  6 jackals
  2 kobolds
  A ball python (D:2)
  A frilled lizard (D:1)
  A rat (D:1)
16 creatures vanquished.

Notes
Turn   | Place    | Note
-------+----------+-------------------------------------------
     0 | D:1      | Hugehornet the Octopode Transmuter began the quest for the
                  | Orb.
     0 | D:1      | Reached XP level 1. HP: 13/13 MP: 3/3
   583 | D:1      | Reached XP level 2. HP: 18/18 MP: 3/5
   597 | D:1      | Learned a level 2 spell: Sticks to Snakes
  1043 | D:2      | Found a runed translucent door.
  1044 | D:2      | Noticed Crazy Yiuf
  1205 | D:2      | Slain by an adder

Levels and vault maps discovered:
D:1:      dpeg_arrival_radiant, layout_basic
D:2:      layout_basic, amethyst_overflow_temple_binary, first_ration,
          minmay_misc_feat_square, minmay_misc_feat_secret_circle,
          serial_park_tiny_2, minmay_tromino_i4, uniq_crazy_yiuf_cottage

Action                   || total
-------------------------++-------
Melee: Unarmed           ||    32
       Kick              ||     8
       Constrict         ||     8
       Tentacles         ||     6
       Punch             ||     1
 Cast: Beastly Appendage ||    13
 Stab: Sleeping          ||     4
  Eat: Chunk             ||     1
Armor: Skin              ||     4
Dodge: Dodged            ||    17
